 Dungeon Crawl Stone Soup version 0.30-a0-696-g2367cd04db (webtiles) character file.

Game seed: 14091593840496942429

377 Crownlay the Grave Robber (level 6, -4/41 HPs)
             Began as a Demonspawn Necromancer on Jan 20, 2023.
             Slain by Duvessa
             ... wielding a +0 short sword
              (10 damage)
             ... on level 4 of the Dungeon.
             The game lasted 00:08:32 (3590 turns).

Crownlay the Grave Robber (Demonspawn Necromancer)  Turns: 3590, Time: 00:08:32

Health: -4/41      AC:  3    Str:  8    XL:     6   Next: 45%
Magic:  7/9        EV: 12    Int: 18    God:
Gold:   145        SH:  0    Dex: 14    Spells: 4/9 levels left

rFire   . . .      SeeInvis .    g - +2 spear (venom)
rCold   . . .      Faith    .    (no shield)
rNeg    . . .      Spirit   .    a - +0 robe
rPois   .          Reflect  .    (no helmet)
rElec   .          Harm     .    d - +0 cloak
rCorr   .          Rampage  .    (no gloves)
Will    .....                    (no boots)
Stlth   ++                       (no amulet)
HPRegen 0.26/turn                (no ring)
MPRegen 0.11/turn                (no ring)

@: no status effects
A: hooves 1, powered by pain 1, demonic magic 2
a: no special abilities


You were on level 4 of the Dungeon.
You visited 2 branches of the dungeon, and saw 5 of its levels.

You collected 145 gold pieces.

Inventory:

Hand Weapons
 g - a +2 spear of venom (weapon)
 p - the +1 long sword of Abuse {freeze, rElec rPois Int+5}
   (You found it on level 4 of the Dungeon)

   Int:       It affects your intelligence (+5).
   rElec:     It insulates you from electricity.
   rPois:     It protects you from poison.
Armour
 a - a +0 robe (worn)
 d - a +0 cloak (worn)
 s - a +0 kite shield
Wands
 n - a wand of flame (17)
Scrolls
 e - 3 scrolls of amnesia
 f - 2 scrolls of magic mapping
 k - a scroll of poison {unknown}
 l - 2 scrolls of enchant armour {unknown}
 q - a scroll of teleportation
 r - a scroll of identify
Potions
 b - 2 potions of magic
 c - a potion of brilliance
 h - a potion of heal wounds {unknown}
 i - a potion of berserk rage {unknown}
 m - a potion of flight {unknown}
 o - 2 potions of mutation {unknown}


   Skills:
 - Level 1.7 Dodging
 - Level 1.7 Stealth
 - Level 2.0 Spellcasting
 + Level 7.2 Necromancy
 + Level 3.5 Transmutations


You had 4 spell levels left.
You knew the following spells:

 Your Spells              Type           Power      Damage    Failure   Level
a - Necrotise             Necr           100%       1d9       1%          1
b - Animate Dead          Necr           27%        N/A       9%          4

Your spell library contained the following spells:

 Spells                   Type           Power      Damage    Failure   Level
 Vampiric Draining        Necr           27%        2d7       2%          3
 Foxfire                  Conj/Fire      4%         2x1d4     19%         1
 Freeze                   Ice            4%         1d3       19%         1
 Magic Dart               Conj           4%         1d3       19%         1
 Call Imp                 Summ           1%         N/A       26%         2
 Frozen Ramparts          Ice            2%         1d1       47%         3
 Hailstorm                Conj/Ice       1%         3d3       47%         3
 Mephitic Cloud           Conj/Pois/Air  1%         N/A       47%         3
 Leda's Liquefaction      Hex/Erth       0%         N/A       87%         4
 Agony                    Necr           27%        N/A       26%         5
 Lee's Rapid Deconstruct  Erth           0%         3d4*      99%         5
 Statue Form              Tmut/Erth      5%         N/A       100%        6
 Borgnjor's Revivificati  Necr           13%        N/A       100%        8
 Necromutation            Tmut/Necr      10%        N/A       100%        8
 Death's Door             Necr           13%        N/A       100%        9


Dungeon Overview and Level Annotations

Branches:
Dungeon (4/15)             Temple (1/1) D:4

Altars:
Makhleb
Nemelex Xobeh
Vehumet

Annotations:
D:4 Dowan, Duvessa, Eustachio


Innate Abilities, Weirdness & Mutations

You have large cloven feet.
You sometimes gain a little power by taking damage.
Spells you cast may paralyse nearby enemies.


Message History

Reach: g) +2 spear (venom)
Press: ? - help, Dir - move target, f/p - Duvessa
Aim: Duvessa, wielding a +0 short sword and wearing a +0 ring mail of fire resistance (heavily wounded, extremely poisoned, ally target, about 30% to evade your +2 spear of venom)
You reach to attack!
You hit Duvessa but do no damage.
Duvessa is heavily wounded.
Dowan gestures at Duvessa while chanting.
Duvessa seems to speed up.
Duvessa hits Blork with a +0 short sword!
Blork is destroyed!
Duvessa says, "My weaknesses are his strengths!"
Duvessa barely misses you.
Reach: g) +2 spear (venom)
Press: ? - help, Dir - move target, f/p - Duvessa
Aim: Duvessa, wielding a +0 short sword and wearing a +0 ring mail of fire resistance (heavily wounded, fast, very poisoned, about 30% to evade your +2 spear of venom)
You completely miss Duvessa. You kick Duvessa, but do no damage.
Duvessa is heavily wounded.
Dowan gestures wildly while chanting.
Dowan blinks!
Duvessa hits you but does no damage.
Reach: g) +2 spear (venom)
Press: ? - help, Dir - move target, f/p - Duvessa
Aim: Duvessa, wielding a +0 short sword and wearing a +0 ring mail of fire resistance (heavily wounded, fast, very poisoned, about 30% to evade your +2 spear of venom)
You closely miss Duvessa. You kick Duvessa.
Duvessa is heavily wounded.
Duvessa hits you with a +0 short sword. Dowan barely misses you.
Duvessa hits you with a +0 short sword!
Dowan says, "There's a certain beauty in death, don't you think?"
Dowan hits you with a +0 dagger.
* * * LOW HITPOINT WARNING * * *
Duvessa hits you with a +0 short sword.
* * * LOW HITPOINT WARNING * * *
Dowan hits you with a +0 dagger.
* * * LOW HITPOINT WARNING * * *
Okay, then.
You feel better. Duvessa barely misses you. Dowan hits you with a +0 dagger.
* * * LOW HITPOINT WARNING * * *
Duvessa barely misses you. Dowan attacks as you move away!
Dowan hits you with a +0 dagger.
* * * LOW HITPOINT WARNING * * *
Duvessa hits you with a +0 short sword!
You die...

########## #....e...#
#.######.#
#####+######.###########
#.......##.............#
#######........#@e...........#
#)..............)e.§§§.......#
#.............≈≈≈§§≈≈§≈......#
#.÷...........≈....§§.≈......#
..............§.≈≈≈≈≈.≈...>..#
..............≈§....≈.≈......#
.##..........§≈§≈._.≈.≈......#
.##.###..)...§≈.≈...≈.§......#
....# #####.#...≈≈≈≈≈.≈......#


You could see Duvessa (fast, very poisoned) and Dowan (fast).

Vanquished Creatures
  A centaur (D:4)
  A scorpion (D:3)
  Blork the orc (D:4)
  A hound (D:4)
  An iguana (D:4)
  2 adders
  An ufetubus (D:4)
  A worm (D:3)
  3 dart slugs
  2 orcs
  4 endoplasms
  2 giant cockroaches
  6 goblins
  3 hobgoblins
  4 quokkas
  5 ball pythons
  3 bats
  4 frilled lizards
  5 kobolds
  4 rats
54 creatures vanquished.

Vanquished Creatures (collateral kills)
  Ijyb (D:4)
  An endoplasm (D:1)
2 creatures vanquished.

Vanquished Creatures (others)
  A hound zombie (D:4)
  An orc zombie (D:4)
  A quokka zombie (D:4)
3 creatures vanquished.

Grand Total: 59 creatures vanquished

Notes
Turn   | Place    | Note
-------+----------+-------------------------------------------
     0 | D:1      | Crownlay the Demonspawn Necromancer began the quest for the
                  | Orb.
     0 | D:1      | Reached XP level 1. HP: 13/13 MP: 3/3
   278 | D:1      | Gained mutation: Spells you cast may paralyse adjacent
                  | enemies. [demonic ancestry]
   278 | D:1      | Reached XP level 2. HP: 19/19 MP: 0/5
   347 | D:1      | Reached skill level 5 in Necromancy
   882 | D:2      | Found a faded altar of an unknown god.
   892 | D:2      | Got Plato's Octavo of the Volcano
   913 | D:2      | Gained mutation: Spells you cast may paralyse nearby
                  | enemies. [demonic ancestry]
   913 | D:2      | Reached XP level 3. HP: 19/24 MP: 0/6
  1874 | D:3      | Reached skill level 1 in Transmutations
  1934 | D:3      | Noticed a scorpion
  1942 | D:3      | Killed a scorpion
  1943 | D:3      | Reached skill level 6 in Necromancy
  1943 | D:3      | Gained mutation: You sometimes gain a little power by
                  | taking damage. [demonic ancestry]
  1943 | D:3      | Reached XP level 4. HP: 13/30 MP: 3/7
  2439 | D:4      | Noticed Blork the orc
  2555 | D:4      | Learned a level 4 spell: Animate Dead
  2580 | D:4      | Found a burning altar of Makhleb.
  2589 | D:4      | Reached XP level 5. HP: 31/35 MP: 5/8
  2589 | D:4      | Noticed an angel
  2589 | D:4      | Noticed a balrug
  2736 | D:4      | Noticed Ijyb
  2750 | D:4      | Killed Ijyb
  2804 | D:4      | Noticed a centaur
  2826 | D:4      | Killed a centaur
  2827 | D:4      | Gained mutation: You have large cloven feet. [demonic
                  | ancestry]
  2827 | D:4      | Reached XP level 6. HP: 14/41 MP: 6/9
  2952 | D:4      | Noticed Eustachio
  2953 | D:4      | Found a staircase to the Ecumenical Temple.
  2960 | D:4      | Identified the +1 long sword of Abuse {freeze, rElec rPois
                  | Int+5}
  3146 | D:4      | Reached skill level 7 in Necromancy
  3200 | D:4      | Found a sparkling altar of Nemelex Xobeh.
  3271 | Temple   | Entered the Ecumenical Temple
  3446 | D:4      | Killed Blork the orc
  3567 | D:4      | Noticed Dowan
  3568 | D:4      | Noticed Duvessa
  3581 | D:4      | Your ally Blork died
  3590 | D:4      | Slain by Duvessa

Illustrated notes

Levels and vault maps discovered:
D:1:      minmay_arrival_widening_spiral_wide, layout_rooms, minivault_24
D:2:      cheibrodos_old_hovel, layout_rooms,
          shapermc_ecumenical_altar_rom_forum
D:3:      layout_loops_corners, hangedman_decor_growths
D:4:      layout_basic, grunt_temple_overflow_order_and_chaos_2,
          nemelex_altar_shiori, mainiacjoe_overflow_concentric_impassable,
          minmay_temple_entry_stoned_glass, uniq_eustachio, uniq_blork_the_orc,
          uniq_ijyb, uniq_duvessa
Temple:   ebering_the_one_and_only

Skill      XL: |  1  2  3  4  5  6 |
---------------+-------------------+-----
Necromancy     | 5 6 7 |  7.2
Transmutations | 2 3 |  3.5
Dodging        | |  1.7
Stealth        | |  1.7
Spellcasting   | |  2.0

Action                   |  1- 3 |  4- 6 || total
-------------------------+-------+-------++-------
Melee: Dagger            |     4 |       ||     4
       Spear             |    20 |    28 ||    48
       Long sword        |       |    15 ||    15
       Kick              |       |     9 ||     9
       Punch             |       |     1 ||     1
 Cast: Necrotise         |    58 |    27 ||    85
       Animate Dead      |       |     4 ||     4
Evoke: Wand              |       |     4 ||     4
  Use: Potion            |     2 |     1 ||     3
       Scroll            |     3 |     2 ||     5
 Stab: Paralysed         |     1 |     4 ||     5
Armor: Robe              |     5 |    19 ||    24
Dodge: Dodged            |    26 |    51 ||    77

Table legend: (Time is in decaauts)
 A = Elapsed time spent in this place.
 B = Non-inter-level travel time spent in this place.
 C = Inter-level travel time spent in this place.
 D = Time resting spent in this place.
 E = Time spent auto-exploring this place.
 F = Levels seen in this place.
 G = Mean time per level.
                   A        B        C        D        E       F      G
               +--------+--------+--------+--------+--------+-----+--------+
         Total |   3600 |   3512 |     88 |    266 |   2604 |   5 |  720.0 |
       Dungeon |   3592 |   3504 |     88 |    266 |   2604 |   4 |  898.0 |
        Temple |      7 |      7 |      0 |      0 |      0 |   1 |    7.0 |
               +--------+--------+--------+--------+--------+-----+--------+

Top non-repeatable levels by time:
     D:3: 1250 daAuts
     D:4: 1066 daAuts
     D:1: 721 daAuts
     D:2: 554 daAuts
  Temple: 7 daAuts
